 Dungeon Crawl Stone Soup version 0.29-a0-577-gafbf2c5d25 (webtiles) character file.

Game seed: 15697212978794816353

9 Nacho the Grasshopper (level 2, -2/22 HPs)
             Began as a Human Warper on June 13, 2022.
             Slain by a quokka (3 damage)
             ... on level 1 of the Dungeon.
             The game lasted 00:09:17 (365 turns).

Nacho the Grasshopper (Human Warper)                 Turns: 365, Time: 00:09:17

Health: -2/22      AC:  3    Str: 11    XL:     2   Next: 25%
Magic:  5/5        EV: 11    Int: 13    God:
Gold:   0          SH:  0    Dex: 12    Spells: 5/5 levels left

rFire   . . .      SeeInvis .   a - +0 spear
rCold   . . .      Faith    .   (no shield)
rNeg    . . .      Spirit   .   b - +0 leather armour
rPois   .          Reflect  .   (no helmet)
rElec   .          Harm     .   (no cloak)
rCorr   .          Rampage  .   (no gloves)
Will    .....                   (no boots)
Stlth   +.........              (no amulet)
HPRegen 0.07/turn               (no ring)
MPRegen 0.09/turn               (no ring)

@: no status effects
A: no striking features
a: no special abilities


You were on level 1 of the Dungeon.
You visited 1 branch of the dungeon, and saw 1 of its levels.

Inventory:

Hand Weapons
 a - a +0 spear (weapon)
 f - a +1 dagger of speed
Missiles
 d - 6 boomerangs of dispersal (quivered)
Armour
 b - a +0 leather armour (worn)
 e - a +0 scale mail
Scrolls
 c - a scroll of blinking


   Skills:
 + Level 2.1 Fighting
 + Level 2.0 Polearms
 + Level 1.0 Throwing
 + Level 1.0 Armour
 + Level 2.3 Dodging
 + Level 2.0 Spellcasting
 + Level 3.2 Translocations


You had 5 spell levels left.
You didn't know any spells.
Your spell library contained the following spells:

 Spells                   Type           Power      Damage    Failure   Level
 Blink                    Tloc           18%        N/A       14%         2
 Gell's Gravitas          Tloc           9%         N/A       26%         3
 Lesser Beckoning         Tloc           9%         N/A       26%         3
 Teleport Other           Tloc           9%         N/A       26%         3
 Manifold Assault         Tloc           9%         N/A       94%         5


Dungeon Overview and Level Annotations

Branches:
Dungeon (1/15)

Altars:


Message History

As you open the door, it creaks loudly! The bat hits you but does no damage.
You hit the bat.
The bat is severely wounded.
The bat hits you but does no damage. The bat closely misses you.
The quokka bites you. The bat hits you. The bat hits you but does no damage.
The quokka bites you.
You miss the quokka. The bat hits you but does no damage.
The quokka bites you. x2
The quokka attacks as you move away! The quokka barely misses you.
The bat barely misses you. x2
You barely miss the bat.
The bat is severely wounded.
The bat hits you but does no damage.
The quokka bites you but does no damage.
The quokka misses you. The quokka attacks as you move away!
The quokka barely misses you. The quokka attacks as you move away!
The quokka closely misses you. The bat barely misses you.
The quokka bites you but does no damage.
You see here a ball python corpse.
You closely miss the bat.
The bat is moderately wounded.
The bat barely misses you. The bat closely misses you. The quokka bites you.
The quokka misses you.
The quokka bites you but does no damage.
The quokka attacks as you move away! The quokka bites you.
The bat closely misses you. The bat completely misses you.
The quokka attacks as you move away! The quokka misses you.
The bat closely misses you. x2
The bat closely misses you. The bat closely misses you.
The quokka closely misses you. The quokka bites you.
* * * LOW HITPOINT WARNING * * *
The quokka attacks as you move away! The quokka barely misses you.
The bat barely misses you. The quokka bites you.
* * * LOW HITPOINT WARNING * * *
You miss the bat. The bat misses you. The quokka barely misses you.
The quokka bites you.
You die...

#.# #..#
##.#.....#
#..#
#..#.$...#
##.##
#..#.....#
#..#
#g.#...!.#
#..#
#.†#.....#
#..#
#..#######
#..#
#...#.....
#..#
#rr..#....
#..##
#@....####
##..##
#÷#.......
#...##
#b########
#.#..## #.#
#.##..###.#
#.###..#..#
..# ##...##
### #####


You could see 2 quokkas, a goblin and a bat.

Vanquished Creatures
  A dart slug (D:1)
  2 bats (D:1)
  An endoplasm (D:1)
  A goblin (D:1)
  A quokka (D:1)
  A ball python (D:1)
7 creatures vanquished.

Notes
Turn   | Place    | Note
-------+----------+-------------------------------------------
     0 | D:1      | Nacho the Human Warper began the quest for the Orb.
     0 | D:1      | Reached XP level 1. HP: 16/16 MP: 3/3
   157 | D:1      | Reached XP level 2. HP: 14/22 MP: 5/5
   364 | D:1      | HP: 1/22 [quokka (4)]
   365 | D:1      | Slain by a quokka

Illustrated notes

Levels and vault maps discovered:
D:1:      minmay_arrival_semitransparent, layout_basic, serial_forest,
          infiniplex_forest_clump_tiny, infiniplex_forest_straight_3,
          infiniplex_forest_clump_cross, infiniplex_forest_lined_1,
          infiniplex_forest_lined_corner, infiniplex_forest_lined_corner,
          infiniplex_forest_lined_corner, ebering_ecumenical_altar_abandoned,
          minmay_3d_cube

Action                   || total
-------------------------++-------
Melee: Spear             ||    43
Throw: Boomerang         ||     1
Armor: Leather armour    ||    22
Dodge: Dodged            ||    44

Table legend: (Time is in decaauts)
 A = Elapsed time spent in this place.
 B = Non-inter-level travel time spent in this place.
 C = Inter-level travel time spent in this place.
 D = Time resting spent in this place.
 E = Time spent auto-exploring this place.
 F = Levels seen in this place.
 G = Mean time per level.
                   A        B        C        D        E       F      G
               +--------+--------+--------+--------+--------+-----+--------+
         Total |    365 |    363 |      2 |    220 |     18 |   1 |  365.0 |
       Dungeon |    365 |    363 |      2 |    220 |     18 |   1 |  365.0 |
               +--------+--------+--------+--------+--------+-----+--------+

Top non-repeatable levels by time:
     D:1: 365 daAuts
